cohdb
Replays
Latest Replays
All Replays
Popular Replays
Top Player Replays
Match Explorer
How It Works
Community
CoH3 Stats
Reddit
Sign in to upload your games and track your stats! →
Sign in with Steam
Match 43028435
Unlisted
Match 43028435
Overview
Messages
Build Orders
End
Panzergrenadier Squad
Selects Battlefield Espionage Battlegroup
250 Light Carrier
Panzergrenadier Squad
Construct Light Support Kompanie
Combat Half-tracks
Selects Intel Disruption Beacon
2.5-tonne Medical Truck
Fire Support Elements
Panzerjäger Mechanized Group
Selects Transfer Depots
Construct Mechanized Kompanie
Forward Retreat Point
Emergency Repair Kits
Selects 250/3 Funkpanzerwagen
Veteran Squad Leaders
Flakvierling Half-track
Panzergrenadier Squad
Selects Advanced Ambush Training
Construct Panzerarmee Kommand
Armored Reserves
Panzerpioneer Squad
Forward Retreat Point
Selects Operation Skorpion
Tiger Heavy Tank
Tungsten Core Ammunition
Advanced Optics
BringDaRakuS
Momoi Gaming
ManFrau
hoon0783
DugIronbeard
Rhodesian Commando
DutchCourage
/\/\au5er
0
0
Comments
sign in to comment!
No comments posted yet!